AoeStats
← Sir_DiegoX

Arabia

509753329Analyzed
1v1 RM · 3d ago on Sep 27, 2026· 31m 49s· 2 players
Game mode
Random Map
Map size
Tiny (2 player)
Population
200
Speed
Normal
Resources
Standard
Victory
Conquest
Starting age
Dark Age
Ending age
Imperial Age
RankedLock teamsTeams togetherTeam positionsShared explorationLock speedFull tech treeHidden civsTurbo modeCheats
Victory
Defeat
🇦🇷 Varangians · Argentina
719
+16
🇲🇽 Romans · Mexico
723
-16
Sir_DiegoX
2:32 Loom
3:01 Loom
3:50 Loom
11:14 Feudal Age
11:43 Town Watch
11:45 Double-Bit Axe
11:51 Horse Collar
13:26 Bloodlines
14:28 Gold Mining
20:34 Arson
23:07 Castle Age
21:38 Arson
21:55 Stone Mining
24:19 Wheelbarrow
24:28 Squires
27:09 Bow Saw
32:23 Scale Mail Armor
32:33 Forging
enriquelegion117
1:14 Loom
13:22 Feudal Age
13:49 Double-Bit Axe
16:26 Wheelbarrow
23:54 Castle Age
25:13 Horse Collar
25:55 Squires
26:09 Pikeman
28:23 Scale Mail Armor
Connection lost

Rejoining the realm…

Still unreachable

The connection could not be restored.

Session expired

The server has moved on; the page needs a fresh start.